 Dungeon Crawl Stone Soup version 0.31.0-32-g396128a36d (webtiles) character file.

Game seed: 3343892533811003564

2 H0rd4k the Charlatan (level 1, 0/13 HPs)
             Began as an Octopode Artificer on Apr 22, 2024.
             Constricted to death by a ball python (1 damage)
             ... on level 1 of the Dungeon.
             The game lasted 00:00:27 (399 turns).

H0rd4k the Charlatan (Octopode Artificer)            Turns: 399, Time: 00:00:28

Health: 0/13       AC:  1    Str: 11    XL:     1   Next: 40%
Magic:  1/1        EV: 10    Int: 13    God:
Gold:   39         SH:  0    Dex: 12    Spells: 0/0 levels left

rFire   . . .        (no weapon)
rCold   . . .        (no shield)
rNeg    . . .        (helmet restricted)
rPois   .            k - amulet of regeneration
rElec   .            (no ring)
rCorr   .            (no ring)
SInv    .            (no ring)
Will    .....        (no ring)
Stlth   +++          (no ring)
HPRegen 0.22/turn    (no ring)
MPRegen 0.07/turn    (no ring)
                     (no ring)

%: no passive effects
@: constricted
A: almost no armour, amphibious, 8 rings, camouflage 1, gelatinous body 1,
(nimble swimmer 1), tentacles
a: no special abilities


You were on level 1 of the Dungeon.
You visited 1 branch of the dungeon, and saw 1 of its levels.

You collected 39 gold pieces.

Inventory:

Missiles
 g - 4 poisoned darts
Jewellery
 i - an amulet of magic regeneration
 k - an amulet of regeneration (around mantle)
Wands
 b - a wand of flame (15) (quivered)
 c - a wand of charming (15)
 d - a wand of iceblast (5)
Scrolls
 e - a scroll of torment {unknown}
 f - a scroll of noise {unknown}
 j - a scroll of blinking {unknown}
Potions
 a - a potion of curing {unknown}
 h - a potion of attraction {unknown}
 l - a potion of lignification {unknown}


   Skills:
 + Level 1.1 Fighting
 - Level 2.3 Dodging
 - Level 1.3 Stealth
 + Level 0.4 Unarmed Combat
 - Level 3.2 Evocations


You couldn't memorise any spells.
You didn't know any spells.
Your spell library was empty.

Dungeon Overview and Level Annotations

Branches:
Dungeon (1/15)

Altars:


Innate Abilities, Weirdness & Mutations

You cannot wear most types of armour.
You are amphibious.
You can wear up to eight rings at the same time.
Your skin changes colour to match your surroundings (Stealth+).
Your rubbery body absorbs attacks. (AC +1, EV +1)
((You are camouflaged when in or above water. (Stealth+)))
You have tentacles for arms and can constrict up to eight enemies at once.


Message History

You kill the goblin!
You see here a +0 club.
You see here a +0 club.
An endoplasm and a ball python come into view.
Okay, then.
You start removing your amulet.
You continue taking off your amulet of magic regeneration. x3
The ball python hisses angrily.
You continue taking off your amulet of magic regeneration.
You finish taking off your amulet of magic regeneration.
You start putting on your amulet.
You continue putting on your amulet of regeneration.
The endoplasm quivers.
You continue putting on your amulet of regeneration.
The ball python bites you. The ball python grabs you.
The ball python constricts you.
You continue putting on your amulet of regeneration.
The ball python bites you. The ball python constricts you.
You continue putting on your amulet of regeneration.
The ball python closely misses you. The ball python constricts you.
You continue putting on your amulet of regeneration.
The ball python bites you. The ball python constricts you.
The ball python bites you. The ball python constricts you.
You finish putting on your amulet of regeneration.
The amulet cannot attune itself to your injured body.
k - an amulet of regeneration (around mantle)
You closely miss the ball python. Your grab misses the ball python.
Your squeeze misses the ball python. The ball python bites you.
The ball python constricts you.
* * * LOW HITPOINT WARNING * * *
You barely miss the ball python. Your grab misses the ball python.
Your squeeze misses the ball python. The ball python barely misses you.
The ball python constricts you.
You tentacle-slap the ball python. Your grab misses the ball python.
Your squeeze misses the ball python.
The ball python is moderately wounded.
The ball python bites you.
* * * LOW HITPOINT WARNING * * *
The ball python constricts you.
You die...

#######.#.##.#... #
#.....##.#.## .
####.#.#.##.#.# #.
..........#.#.## #.
####..........#. .#
................ #.
#####.....#.##..
#####.#######.#..#....#
#.....@.......#..####..
#.###S#########..# #..
#J #..# #.. #.
#######..####.. #.
#.....).#...... #.
#.#####..##.#.. .. #.#
#.###.#.# ## #.# #.#
#.#.# #.# #.###..#.


You could see an endoplasm and a ball python.

Vanquished Creatures
  A kobold (D:1)
  A goblin (D:1)
  A rat (D:1)
3 creatures vanquished.

Notes
Turn   | Place    | Note
-------+----------+-------------------------------------------
     0 | D:1      | H0rd4k the Octopode Artificer began the quest for the Orb.
     0 | D:1      | Reached XP level 1. HP: 13/13 MP: 1/1
   399 | D:1      | Constricted to death by a ball python

Illustrated notes

Levels and vault maps discovered:
D:1:      dpeg_arrival_concentric_ovals, layout_loops_ring

Action                     || total
---------------------------++-------
  Melee: Unarmed           ||    10
         Constrict         ||     2
         Tentacles         ||     2
   Stab: Sleeping          ||     1
 Armour: Skin              ||     9
  Dodge: Dodged            ||     3
